TOP OF THE 1ST |
Lakewood BlueClaws batting - Pitching for Fort Wayne TinCaps : LHP David Rodriguez
|
Pitching: LHP David Rodriguez
|
|
Batting: LHB Matt Urbanek
|
0-0: Swinging Strike 0-1: Ball 1-1: Ball 2-1: SINGLE (Groundball, 25, EV 70.6 MPH) (infield hit)
|
Batting: RHB Vaclav Been
|
0-0: Called Strike 0-1: Ball 1-1: Fly out, F5 (Popup, 56, EV 68.8 MPH)
|
Batting: RHB Mike Bell
|
0-0: Grounds into double play, 6-4-3 (Groundball, 6, EV 83.1 MPH)
|
Top of the 1st over - 0 runs, 1 hit, 0 errors, 0 left on base; Lakewood 0 - Fort Wayne 0 |
BOTTOM OF THE 1ST |
Fort Wayne TinCaps batting - Pitching for Lakewood BlueClaws : RHP Josh Howell
|
Pitching: RHP Josh Howell
|
|
Batting: SHB Detlef Oursler
|
0-0: Ball 1-0: Called Strike 1-1: Called Strike 1-2: Foul Ball, location: 2F 1-2: Foul Ball, location: 2F 1-2: DOUBLE (Line Drive, 5D, EV 94.4 MPH)
|
Batting: LHB Tony Contreras
|
0-0: Ball 1-0: Swinging Strike 1-1: Ball 2-1: DOUBLE (Flyball, 8LXD, EV 99.4 MPH) Detlef Oursler scores
|
Batting: LHB Sean Trueblood
|
0-0: Foul Ball, location: 2F 0-1: Ball 1-1: Called Strike 1-2: Ground out 4-3 (Groundball, 4, EV 100.0 MPH) Tony Contreras to third
|
Batting: LHB Justin Alworth
|
0-0: Ground out 4-3 (Groundball, 4, EV 78.1 MPH) Tony Contreras scores
|
Batting: SHB Cesar Arteaga
|
0-0: Ball 1-0: Ball 2-0: Called Strike 2-1: Ground out 6-3 (Groundball, 6, EV 88.1 MPH)
|
Bottom of the 1st over - 2 runs, 2 hits, 0 errors, 0 left on base; Lakewood 0 - Fort Wayne 2 |
TOP OF THE 2ND |
Lakewood BlueClaws batting - Pitching for Fort Wayne TinCaps : LHP David Rodriguez
|
Batting: RHB Victor Arias
|
0-0: Called Strike 0-1: Ball 1-1: Called Strike 1-2: Ball 2-2: Foul Ball, location: 2F 2-2: Ball 3-2: Base on Balls
|
Batting: SHB Steve DeRienzo
|
0-0: Called Strike 0-1: Fly out, F7 (Flyball, 78M, EV 90.6 MPH)
|
Batting: RHB Trent Hedrick
|
0-0: Called Strike 0-1: Called Strike 0-2: Ball 1-2: Strikes out swinging
|
Batting: LHB Eric Farren
|
0-0: Called Strike 0-1: Foul Ball, location: 2F 0-2: Ball 1-2: Ball 2-2: Strikes out looking
|
Top of the 2nd over - 0 runs, 0 hits, 0 errors, 1 left on base; Lakewood 0 - Fort Wayne 2 |
BOTTOM OF THE 2ND |
Fort Wayne TinCaps batting - Pitching for Lakewood BlueClaws : RHP Josh Howell
|
Batting: RHB Adrian Cook
|
0-0: SINGLE (Line Drive, 34, EV 106.2 MPH)
|
Batting: RHB Brian Klinkner
|
0-0: Foul Ball, location: 2F 0-1: Ball 1-1: Ball 2-1: Foul Ball, location: 2F 2-2: Ball 3-2: Strikes out swinging
|
Batting: RHB Danny Gallegos
|
0-0: Called Strike 0-1: SINGLE (Line Drive, 6MD, EV 95.6 MPH) Adrian Cook to second
|
Batting: RHB Ricky Trejo
|
0-0: Ball 1-0: Swinging Strike 1-1: Fielders Choice at 2nd, 4-6 (Groundball, 34, EV 81.9 MPH) Adrian Cook to third
|
Batting: SHB Detlef Oursler
|
0-0: Ball 1-0: Called Strike 1-1: Ball 2-1: Called Strike 2-2: Foul Ball, location: 2F 2-2: Ball 3-2: Ground out 4-3 (Groundball, 34D, EV 105.6 MPH)
|
Bottom of the 2nd over - 0 runs, 2 hits, 0 errors, 2 left on base; Lakewood 0 - Fort Wayne 2 |
TOP OF THE 3RD |
Lakewood BlueClaws batting - Pitching for Fort Wayne TinCaps : LHP David Rodriguez
|
Batting: RHB Johnny Burroughs
|
0-0: Called Strike 0-1: Foul Ball, location: 2F 0-2: Ball 1-2: Fly out, F9 (Flyball, 9, EV 94.4 MPH)
|
Batting: RHB Cory Bonham
|
0-0: Ball 1-0: Foul Ball, location: 2F 1-1: Foul Ball, location: 2F 1-2: Foul Ball, location: 2F 1-2: Strikes out looking
|
Batting: LHB Matt Urbanek
|
0-0: Ball 1-0: Ball 2-0: Foul Ball, location: 2F 2-1: Ground out 4-3 (Groundball, 4, EV 108.8 MPH)
|
Top of the 3rd over - 0 runs, 0 hits, 0 errors, 0 left on base; Lakewood 0 - Fort Wayne 2 |
BOTTOM OF THE 3RD |
Fort Wayne TinCaps batting - Pitching for Lakewood BlueClaws : RHP Josh Howell
|
Batting: LHB Tony Contreras
|
0-0: Called Strike 0-1: SINGLE (Groundball, 34S, EV 68.1 MPH) (infield hit)
|
Batting: LHB Sean Trueblood
|
0-0: Ball 1-0: Ball 2-0: Ball 3-0: Base on Balls Tony Contreras to second
|
Batting: LHB Justin Alworth
|
0-0: Ball 1-0: Ball 2-0: Foul Ball, location: 2F 2-1: Ball 3-1: Base on Balls Tony Contreras to third Sean Trueblood to second
|
Batting: SHB Cesar Arteaga
|
0-0: Swinging Strike 0-1: Swinging Strike 0-2: Ball 1-2: Strikes out looking
|
Batting: RHB Adrian Cook
|
0-0: Foul Ball, location: 2F 0-1: SINGLE (Groundball, 56D, EV 104.4 MPH) Tony Contreras scores Sean Trueblood to third Justin Alworth to second Runner from 3rd tries for Home, SAFE, throw by LF to home
|
Batting: RHB Brian Klinkner
|
0-0: Ball 1-0: Swinging Strike 1-1: Swinging Strike 1-2: Foul Ball, location: 2F 1-2: Ball 2-2: SINGLE (Groundball, 6MD, EV 100.6 MPH) Justin Alworth to third Adrian Cook to second Runner from 3rd tries for Home, SAFE, throw by CF to home
|
Pitching: RHP Jeff van Schaik
|
|
Batting: RHB Danny Gallegos
|
0-0: Ball 1-0: Called Strike 1-1: Grounds into double play, 6-4-3 (Groundball, 6, EV 80.0 MPH)
|
Bottom of the 3rd over - 3 runs, 3 hits, 0 errors, 1 left on base; Lakewood 0 - Fort Wayne 5 |
TOP OF THE 4TH |
Lakewood BlueClaws batting - Pitching for Fort Wayne TinCaps : LHP David Rodriguez
|
Batting: RHB Vaclav Been
|
0-0: Ball 1-0: Ball 2-0: Ball 3-0: Called Strike 3-1: Foul Ball, location: 2F 3-2: Foul Ball, location: 2F 3-2: Base on Balls
|
Batting: RHB Mike Bell
|
0-0: Called Strike 0-1: Ball 1-1: Foul Ball, location: 2F 1-2: Ball 2-2: Fly out, F7 (Flyball, 78D, EV 77.5 MPH)
|
Batting: RHB Victor Arias
|
0-0: Called Strike 0-1: Foul Ball, location: 2F 0-2: Strikes out swinging
|
Batting: SHB Steve DeRienzo
|
0-0: Fly out, F7 (Line Drive, 7D, EV 102.5 MPH)
|
Top of the 4th over - 0 runs, 0 hits, 0 errors, 1 left on base; Lakewood 0 - Fort Wayne 5 |
BOTTOM OF THE 4TH |
Fort Wayne TinCaps batting - Pitching for Lakewood BlueClaws : RHP Jeff van Schaik
|
Batting: RHB Ricky Trejo
|
0-0: Called Strike 0-1: Called Strike 0-2: Strikes out looking
|
Batting: SHB Detlef Oursler
|
0-0: Ball 1-0: Foul Ball, location: 2F 1-1: Ground out 4-3 (Groundball, 34, EV 86.9 MPH)
|
Batting: LHB Tony Contreras
|
0-0: Ball 1-0: Foul Ball, location: 2F 1-1: DOUBLE (Line Drive, 7LD, EV 108.1 MPH)
|
Batting: LHB Sean Trueblood
|
0-0: Ball 1-0: Ball 2-0: Called Strike 2-1: Foul Ball, location: 2F 2-2: Ground out 4-3 (Groundball, 4, EV 100.0 MPH)
|
Bottom of the 4th over - 0 runs, 1 hit, 0 errors, 1 left on base; Lakewood 0 - Fort Wayne 5 |
TOP OF THE 5TH |
Lakewood BlueClaws batting - Pitching for Fort Wayne TinCaps : LHP David Rodriguez
|
Batting: RHB Trent Hedrick
|
0-0: Ball 1-0: Ball 2-0: Ball 3-0: Base on Balls
|
Batting: LHB Eric Farren
|
0-0: Ball 1-0: Ball 2-0: Called Strike 2-1: Foul Ball, location: 2F 2-2: Ball 3-2: Foul Ball, location: 2F 3-2: Strikes out looking
|
Batting: RHB Johnny Burroughs
|
0-0: Called Strike 0-1: Ball Trent Hedrick steals 2nd base 1-1: Ball 2-1: Ground out 6-3 (Groundball, 56, EV 77.5 MPH)
|
Batting: RHB Cory Bonham
|
0-0: Ball 1-0: Called Strike 1-1: Ball 2-1: Foul Ball, location: 2F 2-2: Strikes out swinging
|
Top of the 5th over - 0 runs, 0 hits, 0 errors, 1 left on base; Lakewood 0 - Fort Wayne 5 |
BOTTOM OF THE 5TH |
Fort Wayne TinCaps batting - Pitching for Lakewood BlueClaws : RHP Jeff van Schaik
|
Batting: LHB Justin Alworth
|
0-0: Ball 1-0: Ball 2-0: Ball 3-0: Base on Balls
|
Batting: SHB Cesar Arteaga
|
0-0: Called Strike 0-1: Fielders Choice at 2nd, 4-6 (Groundball, 4, EV 84.4 MPH)
|
Batting: RHB Adrian Cook
|
0-0: Ball Cesar Arteaga is caught stealing 2nd base 2-4 1-0: Ball 2-0: Foul Ball, location: 2F 2-1: Swinging Strike 2-2: Hit by Pitch
|
Batting: RHB Brian Klinkner
|
0-0: Called Strike Adrian Cook steals 2nd base 0-1: Ball 1-1: Ball 2-1: Foul Ball, location: 2F 2-2: Strikes out swinging
|
Bottom of the 5th over - 0 runs, 0 hits, 0 errors, 1 left on base; Lakewood 0 - Fort Wayne 5 |
TOP OF THE 6TH |
Lakewood BlueClaws batting - Pitching for Fort Wayne TinCaps : LHP David Rodriguez
|
Batting: LHB Matt Urbanek
|
0-0: Ball 1-0: Ball 2-0: Ball 3-0: Called Strike 3-1: Fly out, F7 (Line Drive, 7S, EV 95.6 MPH)
|
Batting: RHB Vaclav Been
|
0-0: Ball 1-0: Ball 2-0: SOLO HOME RUN (Flyball, 7D, EV 103.8 MPH), Distance : 375 ft
|
Batting: RHB Mike Bell
|
0-0: Foul Ball, location: 2F 0-1: Called Strike 0-2: Ball 1-2: Strikes out swinging
|
Batting: RHB Victor Arias
|
0-0: Foul Ball, location: 2F 0-1: Called Strike 0-2: Fly out, F7 (Flyball, 7LS, EV 90.0 MPH)
|
Top of the 6th over - 1 run, 1 hit, 0 errors, 0 left on base; Lakewood 1 - Fort Wayne 5 |
BOTTOM OF THE 6TH |
Fort Wayne TinCaps batting - Pitching for Lakewood BlueClaws : RHP Jeff van Schaik
|
Batting: RHB Danny Gallegos
|
0-0: Ground out 4-3 (Groundball, 4, EV 99.4 MPH)
|
Batting: RHB Ricky Trejo
|
0-0: Ball 1-0: Ball 2-0: Ground out 5-3 (Groundball, 56, EV 90.6 MPH)
|
Batting: SHB Detlef Oursler
|
0-0: Ball 1-0: Ball 2-0: Ball 3-0: Foul Ball, location: 2F 3-1: Foul Ball, location: 2F 3-2: SINGLE (Line Drive, 34, EV 100.0 MPH)
|
Batting: LHB Tony Contreras
|
0-0: Ball Detlef Oursler steals 2nd base 1-0: Fly out, F9 (Line Drive, 89M, EV 92.5 MPH)
|
Bottom of the 6th over - 0 runs, 1 hit, 0 errors, 1 left on base; Lakewood 1 - Fort Wayne 5 |
TOP OF THE 7TH |
Lakewood BlueClaws batting - Pitching for Fort Wayne TinCaps : LHP David Rodriguez
|
Batting: SHB Steve DeRienzo
|
0-0: SINGLE (Flyball, 8RS, EV 96.9 MPH)
|
Batting: RHB Trent Hedrick
|
0-0: Called Strike Steve DeRienzo is caught stealing 2nd base 2-4 0-1: Ball 1-1: Ball 2-1: Ball 3-1: Foul Ball, location: 2F 3-2: Fly out, F8 (Line Drive, 8LD, EV 93.1 MPH)
|
Batting: LHB Eric Farren
|
0-0: Called Strike 0-1: Ball 1-1: Ground out 5-3 (Groundball, 56, EV 85.6 MPH)
|
Top of the 7th over - 0 runs, 1 hit, 0 errors, 0 left on base; Lakewood 1 - Fort Wayne 5 |
BOTTOM OF THE 7TH |
Fort Wayne TinCaps batting - Pitching for Lakewood BlueClaws : RHP Jeff van Schaik
|
Pitching: RHP Ian Savary
|
|
Batting: LHB Sean Trueblood
|
0-0: Swinging Strike 0-1: Fly out, F6 (Popup, 6M, EV 79.4 MPH)
|
Batting: LHB Justin Alworth
|
0-0: Called Strike 0-1: Swinging Strike 0-2: Strikes out swinging
|
Batting: SHB Cesar Arteaga
|
0-0: Foul Ball, location: 2F 0-1: Ball 1-1: Foul Ball, location: 2F 1-2: Fly out, F8 (Flyball, 8LD, EV 97.5 MPH)
|
Bottom of the 7th over - 0 runs, 0 hits, 0 errors, 0 left on base; Lakewood 1 - Fort Wayne 5 |
TOP OF THE 8TH |
Lakewood BlueClaws batting - Pitching for Fort Wayne TinCaps : LHP David Rodriguez
|
Pitching: RHP Jose Ramos
|
|
Batting: RHB Johnny Burroughs
|
0-0: Ball 1-0: Foul Ball, location: 2F 1-1: Ball 2-1: Foul Ball, location: 2F 2-2: SINGLE (Groundball, 34D, EV 107.5 MPH)
|
Batting: RHB Cory Bonham
|
0-0: Ball 1-0: Foul Ball, location: 2F 1-1: Swinging Strike 1-2: Strikes out swinging
|
Batting: LHB Matt Urbanek
|
0-0: Ball 1-0: Fielders Choice at 2nd, 3-6 (Groundball, 3, EV 92.5 MPH)
|
Batting: RHB Vaclav Been
|
0-0: Swinging Strike 0-1: Swinging Strike Passed Ball! Matt Urbanek to second 0-2: Foul Ball, location: 2F 0-2: Strikes out swinging
|
Top of the 8th over - 0 runs, 1 hit, 0 errors, 1 left on base; Lakewood 1 - Fort Wayne 5 |
BOTTOM OF THE 8TH |
Fort Wayne TinCaps batting - Pitching for Lakewood BlueClaws : RHP Ian Savary
|
Batting: RHB Adrian Cook
|
0-0: Called Strike 0-1: Ball 1-1: Ball 2-1: Foul Ball, location: 2F 2-2: Fly out, F8 (Flyball, 8RD, EV 91.9 MPH)
|
Batting: RHB Brian Klinkner
|
0-0: Ball 1-0: Foul Ball, location: 2F 1-1: Ball 2-1: Called Strike 2-2: Foul Ball, location: 2F 2-2: Foul Ball, location: 2F 2-2: Ball 3-2: Foul Ball, location: 2F 3-2: Ground out 4-3 (Groundball, 4, EV 105.0 MPH)
|
Batting: RHB Danny Gallegos
|
0-0: Ball 1-0: Ball 2-0: Ball 3-0: Called Strike 3-1: Swinging Strike 3-2: Strikes out swinging
|
Bottom of the 8th over - 0 runs, 0 hits, 0 errors, 0 left on base; Lakewood 1 - Fort Wayne 5 |
TOP OF THE 9TH |
Lakewood BlueClaws batting - Pitching for Fort Wayne TinCaps : RHP Jose Ramos
|
Pitching: RHP Ching Ge
|
|
Batting: RHB Mike Bell
|
0-0: SINGLE (Groundball, 4MS, EV 66.2 MPH) (infield hit)
|
Batting: RHB Victor Arias
|
0-0: Swinging Strike 0-1: Ball 1-1: Ball 2-1: Foul Ball, location: 2F 2-2: Ball 3-2: Strikes out swinging
|
Batting: SHB Steve DeRienzo
|
0-0: Ball 1-0: Called Strike 1-1: Swinging Strike 1-2: Strikes out looking
|
Batting: RHB Trent Hedrick
|
0-0: Swinging Strike 0-1: Swinging Strike 0-2: Ball 1-2: Foul Ball, location: 2F 1-2: Strikes out swinging
|
Top of the 9th over - 0 runs, 1 hit, 0 errors, 1 left on base; Lakewood 1 - Fort Wayne 5 |
|